 Dungeon Crawl Stone Soup version 0.26.0-10-g1f06aea511 (webtiles) character file.

Game seed: 8346252682095448556

260612 Dirian the Peltast (level 19, -3/184 HPs)
             Began as a Hill Orc Fighter on Jan 17, 2021.
             Was the Champion of Beogh.
             Killed from afar by a storm dragon (28 damage)
             ... with a bolt of lightning
             ... on level 3 of the Vaults.
             The game lasted 01:29:22 (41986 turns).

Dirian the Peltast (Hill Orc Fighter)              Turns: 41986, Time: 01:29:22

Health: -3/184     AC: 32    Str: 27    XL:     19   Next: 93%
Magic:  28/28      EV:  8    Int:  8    God:    Beogh [******]
Gold:   1716       SH: 22    Dex: 12    Spells: 18/18 levels left

rFire    + . .     SeeInvis +   a - +6 broad axe (spect)
rCold    . . .     Faith    .   c - +1 kite shield
rNeg     . . .     Spirit   .   R - +3 plate armour {rC+}
rPois    +         Reflect  +   W - +2 hat
rElec    .         Harm     .   I - +2 cloak
rCorr    .         Rampage  .   Q - +3 pair of gauntlets of War {Slay+5}
Will     +....                  (no boots)
Stlth    ..........             L - amulet of reflection
HPRegen  0.40/turn              P - ring "Eduluw" {rPois MP+9}
MPRegen  0.21/turn              U - ring of Awkoruoc {rF+ rC- Dex+2 Slay+6 SInv}

@: marked
A: walk on water
}: 2/15 runes: barnacled, gossamer
a: Renounce Religion, Smiting, Recall Orcish Followers, Give Item to Named
Follower, Resurrection


You were on level 3 of the Vaults.
You worshipped Beogh.
Beogh was exalted by your worship.
You visited 7 branches of the dungeon, and saw 35 of its levels.
You visited 1 bazaar.
You also visited: Ossuary and Gauntlet.

You collected 5103 gold pieces.
You spent 3387 gold pieces at shops.

Inventory:

Hand Weapons
 a - a +6 spectral broad axe (weapon)
 b - a +2 vorpal broad axe
 g - a +1 scimitar of flaming
 F - the +7 hunting sling "Naucil" {venom, rF+ Str-5 Int+5}
   (You found it on level 4 of the Lair of Beasts)

   It poisons the ammo it fires.
   It affects your strength (-5).
   It affects your intelligence (+5).
   It protects you from fire.
 T - the +12 mace "Hoen" {freeze, rElec}
   (You found it on level 14 of the Dungeon)

   It has been specially enchanted to freeze those struck by it, causing extra
   injury to most foes and up to half again as much damage against particularly
   susceptible opponents.
   It can also slow down cold-blooded creatures.
   It insulates you from electricity.
Armour
 c - a +1 kite shield (worn)
 I - a +2 cloak (worn)
 J - a +1 plate armour of poison resistance
 N - a +0 tower shield
 Q - the +3 pair of gauntlets of War (worn) {Slay+5}
   (You bought it in a shop in a bazaar)

   It affects your accuracy and damage with ranged weapons and melee attacks
   (+5).
 R - a +3 plate armour of cold resistance (worn)
 W - a +2 hat (worn)
Jewellery
 s - the ring of Ru's Favour {rCorr Str+5}
   (You bought it in a shop on level 11 of the Dungeon)

   [ring of resist corrosion]

   It affects your strength (+5).
   It provides partial protection from all sources of acid and corrosion.
 y - an uncursed ring of flight
 K - an uncursed ring of see invisible
 L - an amulet of reflection (around neck)
 M - an uncursed ring of ice
 P - the ring "Eduluw" (left hand) {rPois MP+9}
   (You took it off a merfolk siren on level 4 of the Shoals)

   [ring of magical power]

   It protects you from poison.
   It affects your magic capacity (+9).
 U - the ring of Awkoruoc (right hand) {rF+ rC- Dex+2 Slay+6 SInv}
   (You found it in a Gauntlet)

   [ring of protection from fire]

   It affects your dexterity (+2).
   It affects your accuracy and damage with ranged weapons and melee attacks
   (+6).
   It protects you from fire.
   It makes you vulnerable to cold.
   It lets you see invisible.
 V - an uncursed ring of protection from fire
Wands
 j - a wand of acid (53)
 v - a wand of digging (15)
 E - a wand of iceblast (35)
Scrolls
 e - 11 scrolls of fog
 i - 14 scrolls of fear
 k - a scroll of holy word
 m - a scroll of silence
 o - 15 scrolls of immolation
 p - 2 scrolls of magic mapping
 r - 13 scrolls of identify
 t - 13 scrolls of teleportation
 x - 11 scrolls of remove curse
 z - a scroll of blinking
 G - 6 scrolls of enchant armour
Potions
 d - 9 potions of might
 f - 2 potions of invisibility
 h - 6 potions of haste
 l - 5 potions of cancellation
 n - 2 potions of resistance
 q - 9 potions of curing
 u - 8 potions of flight
 w - 3 potions of heal wounds
 A - 4 potions of magic
 B - 4 potions of mutation
 D - 5 potions of attraction
 H - 5 potions of ambrosia
 O - a potion of berserk rage
 S - 12 potions of lignification


   Skills:
 + Level 19.7 Fighting
 - Level 20.0 Axes
 + Level 18.6 Armour
 + Level 20.1 Shields
 - Level 1.0 Evocations


You had 18 spell levels left.
You didn't know any spells.
Your spell library contained the following spells:

 Spells                   Type           Power        Failure   Level
 Animate Skeleton         Necr           0%           92%         1
 Corona                   Hex            0%           92%         1
 Foxfire                  Conj/Fire      0%           92%         1
 Magic Dart               Conj           0%           92%         1
 Pain                     Necr           0%           92%         1
 Sting                    Tmut/Pois      0%           92%         1
 Call Imp                 Summ           0%           98%         2
 Poisonous Vapours        Pois/Air       0%           98%         2
 Searing Ray              Conj           0%           98%         2
 Confusing Touch          Hex            0%           100%        3
 Conjure Flame            Conj/Fire      0%           100%        3
 Dazzling Flash           Conj/Hex       0%           100%        3
 Gell's Gravitas          Tloc           0%           100%        3
 Ignite Poison            Fire/Tmut/Pois 0%           100%        3
 Inner Flame              Hex/Fire       0%           100%        3
 Mephitic Cloud           Conj/Pois/Air  0%           100%        3
 Portal Projectile        Hex/Tloc       0%           100%        3
 Summon Guardian Golem    Hex/Summ       0%           100%        3
 Vampiric Draining        Necr           0%           100%        3
 Animate Dead             Necr           0%           100%        4
 Cause Fear               Hex            0%           100%        4
 Fulminant Prism          Conj/Hex       0%           100%        4
 Iskenderun's Mystic Bla  Conj/Tloc      0%           100%        4
 Olgreb's Toxic Radiance  Pois           0%           100%        4
 Petrify                  Tmut/Erth      0%           100%        4
 Sticky Flame             Conj/Fire      0%           100%        4
 Agony                    Necr           0%           100%        5
 Fireball                 Conj/Fire      0%           100%        5
 Metabolic Englaciation   Hex/Ice        0%           100%        5
 Silence                  Hex/Air        0%           100%        5
 Yara's Violent Unravell  Hex/Tmut       0%           100%        5
 Malign Gateway           Summ/Tloc      0%           100%        7
 Monstrous Menagerie      Summ           0%           100%        7
 Summon Greater Demon     Summ           0%           100%        7
 Summon Hydra             Summ           0%           100%        7
 Discord                  Hex            0%           100%        8
 Summon Horrible Things   Summ           0%           100%        8


Dungeon Overview and Level Annotations

Branches:
Dungeon (15/15)            Temple (0/1) D:6            Lair (6/6) D:10
 Shoals (4/4) Lair:3       Spider (4/4) Lair:4        Slime (0/5) Lair:5
    Orc (2/2) D:10            Elf (0/3) Orc:2        Vaults (3/5) D:13
  Crypt (0/3) Vaults:3     Depths (1/5) D:15        Ossuary (visited)
Gauntlet (visited)

Altars:
Ashenzari
Dithmenos
Elyvilon
Fedhas
Gozag
Nemelex Xobeh
Okawaru
Trog
Uskayaw
Xom
Beogh
Jiyva

Shops:
D:4 }   D:11 =:[(   Orc:2 *??[   Shoals:3 *   Vaults:1 (   Depths:1 :

Annotations:
D:9 2 transporters, TotesWizzard's ghost, novice DsBe
Lair:2 3 runed translucent doors, Qoesoec's ghost, journeyman GrFi; Weugil's ghost, journeyman HaBe; Xudgha's ghost, journeyman MiFi
Spider:2 2 transporters
Orc:1 2 transporters, jujuben's ghost, journeyman HOGl


Message History

* * * LOW HITPOINT WARNING * * *
The bolt of lightning hits you!!!
* * * LOW HITPOINT WARNING * * *
The bolt of lightning hits the storm dragon.
The storm dragon completely resists.
You strike the helpless storm dragon from behind!
You slice the storm dragon!!
The storm dragon is severely wounded.
Your spectral weapon closely misses the storm dragon.
You block the storm dragon's attack.
The storm dragon claws you but does no damage.
The storm dragon tramples you but does no damage.
You slash the storm dragon!
The storm dragon is severely wounded.
Your spectral weapon barely misses the storm dragon.
You feel much better.
Your spectral weapon fades away.
The storm dragon breathes lightning at you.
The bolt of lightning hits you!!
You die...

#.'..######..)###...
##'###'..'.#...#.#...
#...#.#..#.......'...
#...###..#.#...#.####
###'########...###
#.(.# #.......# #...#
######### #...# #.D@#
#...# #[.$# ##'## ...
#... #... #..


You could see a storm dragon (catching breath).

Vanquished Creatures
  2 krakens
  Gastronok (D:11)
  A storm dragon (Vaults:3)
  A tengu reaver (Vaults:1)
  A frost giant (Vaults:3)
  3 ghost moths (Spider:4)
  2 vault wardens (Vaults:3)
  A fire giant (Vaults:3)
  3 emperor scorpions
  3 stone giants (Vaults:3)
  An ironheart preserver (Vaults:3)
  2 very ugly things (Vaults:3)
  Azrael (Spider:2)
  Nessos (Orc:2)
  An entropy weaver (Vaults:3)
  A spark wasp (Spider:3)
  2 minotaurs
  3 ettins
  4 merfolk impalers
  2 merfolk javelineers
  6 yaktaur captains
  A crystal guardian (Vaults:3)
  Josephine (D:10)
  2 fire dragons (Vaults:3)
  A great orb of eyes (Vaults:3)
  A ragged hierophant (Vaults:3)
  3 merfolk avatars
  2 rakshasas
  2 hydras
  5 vault guards (D:13)
  6 boulder beetles
  5 centaur warriors
  2 death knights
  5 merfolk aquamancers
  8 ogre magi
  3 alligator snapping turtles
  24 two-headed ogres
  4 death yaks
  2 tengu warriors (D:14)
  A hell hog (Gauntlet)
  A deep elf knight (Vaults:1)
  A shadow wraith (Vaults:3)
  5 skeletal warriors (D:12)
  6 sea snakes
  An unseen horror (shapeshifter) (Vaults:1)
  6 unseen horrors
  2 deep elf archers
  3 wizards
  A flayed ghost (D:14)
  An orange crystal statue (Shoals:4)
  Pikel (D:6)
  A tengu zombie (Vaults:3)
  2 ironbrand convokers (Vaults:3)
  A necromancer (Vaults:3)
  4 orc knights
  5 deep elf magi
  7 harpies
  An orb spider (shapeshifter) (D:14)
  17 ugly things
  13 wolf spiders
  A wolf spider zombie (D:15)
  7 orb spiders
  12 manticores
  2 moths of wrath
  2 oklob plants
  10 fauns
  5 centaur zombies
  2 elephants (Shoals:2)
  12 merfolk sirens
  Joseph (D:8)
  7 cyclopes
  3 black mambas (Lair:6)
  7 vault sentinels
  A human skeleton (Vaults:3)
  A torpor snail (Spider:1)
  2 rime drakes
  2 gargoyles
  3 molten gargoyles (Lair:6)
  Maggie (D:8)
  3 water nymphs
  2 cane toads
  24 yaktaurs
  2 demonic crawlers (Spider:3)
  7 komodo dragons
  6 freezing wraiths
  5 jumping spiders
  14 trolls
  14 merfolk
  5 meliai
  4 hornets
  3 slime creatures
  2 blink frogs
  Grinder (D:5)
  3 saltlings (Vaults:3)
  A meliai zombie (D:15)
  5 snapping turtles
  2 wind drakes
  A harpy skeleton (D:14)
  6 dream sheep
  A centaur simulacrum (D:15)
  12 tarantellas
  5 wraiths
  21 yaks
  2 fire bats (Gauntlet)
  4 water elementals
  17 redbacks
  A fire elemental (Spider:2)
  2 basilisks
  A wyvern (Lair:6)
  3 chaos spawn (Gauntlet)
  A neqoxec (Gauntlet)
  2 vampire mosquitoes (D:15)
  Menkaure (D:6)
  6 wargs
  2 acid dragons
  7 water moccasins
  3 hell hounds (Gauntlet)
  Duvessa (D:6)
  3 ice beasts
  An eye of draining (shapeshifter) (Vaults:1)
  4 sky beasts
  4 orc warriors
  A black bear (Lair:3)
  3 hornet zombies
  2 phantoms (D:10)
  3 necrophages
  18 wolves
  24 ogres
  4 boggarts
  11 centaurs
  4 lemures (D:6)
  Blork the orc (D:6)
  5 big kobolds
  10 bullfrogs
  A gnoll sergeant (D:5)
  Dowan (D:6)
  3 scorpions
  9 killer bees
  10 wights
  10 howler monkeys
  3 lava snakes (Lair:6)
  2 human zombies
  3 jellies
  A quasit (D:13)
  2 hounds
  Crazy Yiuf (D:2)
  5 centaur skeletons
  5 orc priests
  3 bullfrog skeletons
  4 iguanas
  3 orc wizards
  10 worker ants
  A killer bee zombie (D:7)
  A big kobold zombie (Ossuary)
  A bullfrog simulacrum (D:12)
  A hound zombie (D:6)
  4 mummies (Ossuary)
  8 gnolls
  12 adders
  A shadow imp (D:7)
  4 white imps
  2 ufetubi
  An ooze (D:2)
  2 adder skeletons
  4 worms
  A dart slug (D:1)
  6 leopard geckos
  18 orcs
  7 giant cockroaches
  11 goblins
  3 hobgoblins
  22 jackals
  5 quokkas
  8 bats
  4 frilled lizards
  A goblin zombie (Ossuary)
  33 kobolds
  3 kobold zombies (Ossuary)
  2 orc zombies (Ossuary)
  8 rats
  3 tentacles
833 creatures vanquished.

Vanquished Creatures (collateral kills)
  Arachne (Spider:2)
  Asterion (Spider:2)
  A kraken (Shoals:3)
  Agnes (Spider:2)
  Kirke (Shoals:4)
  Donald (Spider:4)
  A ghost moth (Spider:4)
  Louise (Spider:2)
  2 entropy weavers
  2 merfolk javelineers (Shoals:4)
  2 spark wasps
  2 ogre magi
  5 merfolk impalers
  The ghost of Mothringer the Magician, a journeyman GnSk of Ashenzari (D:10)
  4 hydras
  A fire dragon (Lair:6)
  The ghost of Hoafok the Carver, a journeyman MiFi of Okawaru (D:10)
  3 catoblepae
  A boulder beetle (Spider:1)
  Erolcha (Orc:2)
  4 merfolk aquamancers
  2 centaur warriors (D:15)
  2 death knights (Vaults:3)
  A satyr (Shoals:2)
  11 two-headed ogres
  An orc high priest (Orc:1)
  The ghost of Uttuuhiph the Spear-Bearer, a novice DgWn (D:10)
  A tengu warrior (D:14)
  Urug (Lair:3)
  3 death yaks (Lair:6)
  Nergalle (D:11)
  Sonja (Lair:1)
  A skeletal warrior (D:10)
  2 deep trolls (Orc:2)
  An unseen horror (D:10)
  8 sea snakes
  An ironbrand convoker (Vaults:1)
  A lindwurm (Lair:6)
  9 orb spiders
  3 harpies
  17 wolf spiders
  A deep elf mage (D:15)
  An orc knight (Orc:1)
  3 oklob plants
  8 ugly things
  4 cyclopes
  7 fauns
  2 manticores (Shoals:4)
  5 elephants
  A water nymph (Shoals:4)
  3 black mambas
  A gargoyle (D:14)
  7 merfolk sirens
  2 vault sentinels
  2 cane toads
  8 komodo dragons
  2 demonic crawlers
  2 yaktaurs
  A rime drake (Lair:6)
  A meliai (Shoals:2)
  7 trolls
  17 jumping spiders
  9 merfolk
  A slime creature (Vaults:1)
  3 hornets
  2 wind drakes
  6 blink frogs
  6 snapping turtles
  8 dream sheep
  30 redbacks
  14 tarantellas
  2 wraiths (D:10)
  5 water elementals
  2 wyverns (Lair:6)
  33 yaks
  2 hogs (Shoals:4)
  A fire elemental (Spider:2)
  A steam dragon (Lair:6)
  2 wargs
  4 hell hounds
  4 water moccasins
  5 orc warriors
  A black bear (D:10)
  2 phantoms
  4 boggarts (Vaults:1)
  11 ogres
  4 centaurs
  21 wolves
  5 bullfrogs
  A scorpion (D:10)
  A wight (D:11)
  An electric eel (Lair:2)
  A howler monkey (D:8)
  A jelly (D:9)
  2 lava snakes (Lair:6)
  7 orc priests
  An iguana (D:14)
  4 hell rats (Lair:4)
  3 orc wizards
  A worker ant (D:8)
  2 adders (D:11)
  An adder skeleton (D:10)
  5 orcs
  3 kobolds
  A butterfly (Lair:3)
  A fungus (Lair:5)
  2 tentacles
416 creatures vanquished.

Vanquished Creatures (others)
  Ilsuiw (Shoals:4)
  2 orc warlords (Spider:4)
  A ghost moth (Spider:4)
  2 orc high priests
  8 orc knights
  A kraken simulacrum (Shoals:4)
  3 orc sorcerers
  A demonic crawler (Spider:2)
  A human (Shoals:4)
  A hell hound (Spider:2)
  8 orc warriors
  7 orc wizards
  8 orc priests
  A worker ant (D:10)
  A gnoll (D:5)
  36 orcs
  A demonic plant (Gauntlet)
  36 fungi
  183 plants
  21 tentacles
  2 withered plants (D:10)
325 creatures vanquished.

Grand Total: 1574 creatures vanquished

Notes
Turn   | Place    | Note
-------+----------+-------------------------------------------
     0 | D:1      | Dirian the Hill Orc Fighter began the quest for the Orb.
     0 | D:1      | Reached XP level 1. HP: 19/19 MP: 1/1
   117 | D:1      | Reached XP level 2. HP: 27/27 MP: 2/2
   385 | D:1      | Reached XP level 3. HP: 20/33 MP: 3/3
   909 | D:2      | You fall into a shaft and drop 1 floor!
   929 | D:3      | Reached XP level 4. HP: 28/40 MP: 4/4
   961 | D:3      | Reached XP level 5. HP: 7/47 MP: 5/5
  1600 | D:2      | Reached skill level 5 in Axes
  2014 | D:2      | Found a runed translucent door.
  2015 | D:2      | Noticed Crazy Yiuf
  2348 | D:2      | Killed Crazy Yiuf
  2349 | D:2      | Reached XP level 6. HP: 53/53 MP: 6/6
  3452 | D:4      | Found Jivist's Gadget Shop.
  3913 | D:4      | Got a brightly glowing leather armour
  3923 | D:4      | Identified the +1 leather armour of Cheibriados {*Corrode
                  | rPois Int+2 Dex+2} (You found it on level 4 of the Dungeon)
  3953 | D:5      | Entered Level 5 of the Dungeon
  3989 | D:5      | Noticed Grinder
  3992 | D:5      | Became a worshipper of Beogh the Brigand
  3995 | D:5      | Reached skill level 5 in Fighting
  4000 | D:5      | Reached XP level 7. HP: 40/61 MP: 7/7
  4000 | D:5      | Paralysed by Grinder for 2 turns
  4011 | D:5      | Identified the +4 ring mail of Beogh's Fury {Rampage rF+
                  | Will++ Str-2}
  4232 | D:5      | Killed Grinder
  4233 | D:5      | Reached skill level 5 in Armour
  4233 | D:5      | Reached skill level 5 in Shields
  4245 | D:5      | Reached XP level 8. HP: 28/69 MP: 8/8
  4718 | D:5      | Reached * piety under Beogh
  5057 | D:6      | Noticed Menkaure
  5058 | D:6      | Noticed Duvessa
  5063 | D:6      | Noticed Dowan
  5065 | D:6      | Killed Menkaure
  5073 | D:6      | Killed Duvessa
  5074 | D:6      | Reached skill level 10 in Axes
  5075 | D:6      | Killed Dowan
  5159 | D:6      | Found a staircase to the Ecumenical Temple.
  5313 | D:6      | Found a sand-covered staircase.
  5324 | Ossuary  | Entered an ossuary
  5579 | Ossuary  | Reached ** piety under Beogh
  5580 | Ossuary  | Reached XP level 9. HP: 77/77 MP: 9/9
  5596 | D:6      | Noticed Blork the orc
  5612 | D:6      | Killed Blork the orc
  5685 | D:6      | Noticed Pikel
  5709 | D:6      | Killed Pikel
  6361 | D:7      | Noticed a deep elf mage
  6383 | D:7      | Killed a deep elf mage
  6749 | D:7      | Found an opulent altar of Gozag.
  6874 | D:7      | Found a shimmering altar of Xom.
  6880 | D:7      | Found a bloodstained altar of Trog.
  6880 | D:7      | Found a sparkling altar of Nemelex Xobeh.
  6880 | D:7      | Found a white marble altar of Elyvilon.
  6884 | D:7      | Found an iron altar of Okawaru.
  7059 | D:7      | Reached XP level 10. HP: 57/86 MP: 10/10
  7423 | D:7      | Reached *** piety under Beogh
  7795 | D:8      | Noticed Joseph
  7814 | D:8      | Killed Joseph
  8033 | D:8      | Found a broken altar of Ashenzari.
  8198 | D:8      | Noticed Maggie
  8210 | D:8      | Killed Maggie
  8563 | D:9      | Found a blossoming altar of Fedhas.
  8604 | D:9      | Noticed a two-headed ogre
  8609 | D:9      | Killed a two-headed ogre
  8841 | D:9      | Found a transporter.
  8843 | D:9      | Found a transporter.
  8843 | D:9      | Noticed a two-headed ogre
  8843 | D:9      | Noticed TotesWizzard's ghost (novice DsBe)
  8897 | D:9      | Got a crude great sword
  8961 | D:9      | Got a fine great mace
  8973 | D:9      | Noticed a two-headed ogre
  8981 | D:9      | Killed a two-headed ogre
  9282 | D:10     | Entered Level 10 of the Dungeon
  9282 | D:10     | Found a staircase to the Lair.
  9287 | D:10     | Reached XP level 11. HP: 95/95 MP: 11/11
  9287 | D:10     | Noticed Josephine
  9293 | D:10     | Reached **** piety under Beogh
  9312 | D:10     | Killed Josephine
  9353 | D:10     | HP: 2/97 [wraith[Josephine] (7)]
  9788 | D:10     | Killed an unseen horror
  9862 | D:10     | Found a staircase to the Orcish Mines.
  9869 | D:10     | Noticed a death knight
  9872 | D:10     | Noticed a skeletal warrior
  9875 | D:10     | Killed a death knight
  9885 | D:10     | Killed a skeletal warrior
  9886 | D:10     | Reached skill level 15 in Axes
 10084 | D:10     | Found a roughly hewn altar of Beogh.
 10091 | D:10     | Gained Arkwar as an ally
 10182 | D:10     | Found a shadowy altar of Dithmenos.
 10287 | D:10     | Found a runed translucent gate.
 10289 | D:10     | Found a runed translucent gate.
 10291 | D:10     | Found a runed translucent gate.
 10426 | D:10     | Noticed Mothringer's ghost (journeyman GnSk)
 10426 | D:10     | Noticed Uttuuhiph's ghost (novice DgWn)
 10426 | D:10     | Noticed Hoafok's ghost (journeyman MiFi)
 10464 | D:10     | Killed Mothringer's ghost
 10476 | D:10     | Killed Uttuuhiph's ghost
 10483 | D:10     | Killed Hoafok's ghost
 10833 | D:10     | Identified the +4 great sword of Havoc {spect, Dex+2} (You
                  | found it on level 9 of the Dungeon)
 10834 | D:10     | Identified the cursed +2 great mace "Eviscerator" {flame,
                  | Str+4} (You found it on level 9 of the Dungeon)
 11059 | D:11     | Found Urihoyha's Antique Armour Shoppe.
 11194 | D:11     | Noticed a brown ugly thing
 11204 | D:11     | Killed a brown ugly thing
 11223 | D:11     | Found Quawun's Book Shoppe.
 11256 | D:11     | Found Runol's Jewellery Shop.
 11306 | D:11     | Noticed Gastronok
 11319 | D:11     | Killed Gastronok
 11320 | D:11     | Reached skill level 10 in Fighting
 11320 | D:11     | Reached XP level 12. HP: 84/106 MP: 12/12
 11427 | D:11     | Noticed Nergalle
 11437 | D:11     | Killed Nergalle
 11438 | D:11     | Reached skill level 10 in Armour
 11438 | D:11     | Reached skill level 10 in Shields
 11601 | D:11     | Found Eronn's Antique Weapon Shop.
 11609 | D:11     | Bought a glowing broad axe for 231 gold pieces
 11610 | D:11     | Bought a runed broad axe for 231 gold pieces
 12361 | Lair:1   | Entered Level 1 of the Lair of Beasts
 12466 | Lair:1   | Reached ***** piety under Beogh
 12622 | Lair:1   | Noticed a six-headed hydra
 12634 | Lair:1   | Killed an 11-headed hydra
 12700 | Lair:1   | Noticed Sonja
 12711 | Lair:1   | Killed Sonja
 13742 | Lair:2   | Found a runed translucent gate.
 13742 | Lair:2   | Found a runed translucent gate.
 13742 | Lair:2   | Found a runed translucent gate.
 13750 | Lair:2   | Noticed Weugil's ghost (journeyman HaBe)
 13750 | Lair:2   | Noticed Xudgha's ghost (journeyman MiFi)
 13750 | Lair:2   | Noticed Qoesoec's ghost (journeyman GrFi)
 14494 | Lair:2   | Noticed a five-headed hydra
 14501 | Lair:2   | Killed a six-headed hydra
 14838 | Lair:3   | Noticed a catoblepas
 14852 | Lair:3   | Killed a catoblepas
 15342 | Lair:3   | Noticed Urug
 15357 | Lair:3   | Killed Urug
 15357 | Lair:3   | Gained Orkwin as an ally
 15358 | Lair:3   | Reached XP level 13. HP: 83/116 MP: 13/13
 15639 | Lair:3   | Found a staircase to the Shoals.
 16005 | Lair:4   | Got a blackened hunting sling
 16770 | Lair:4   | Found a hole to the Spider Nest.
 17147 | Lair:4   | Identified the +7 hunting sling "Naucil" {venom, rF+ Str-5
                  | Int+5} (You found it on level 4 of the Lair of Beasts)
 17479 | Lair:5   | Found a staircase to the Slime Pits.
 17480 | Lair:5   | Found a viscous altar of Jiyva.
 17997 | Lair:6   | Entered Level 6 of the Lair of Beasts
 18015 | Lair:6   | Gained Oruk as an ally
 18367 | Lair:6   | Your ally Oruk died
 18369 | Lair:6   | Reached ****** piety under Beogh
 18950 | Lair:6   | Reached XP level 14. HP: 76/127 MP: 14/14
 19187 | Lair:6   | Gained Gorm as an ally
 19213 | Lair:6   | Found a large runed translucent door.
 19213 | Lair:6   | Found a large runed translucent door.
 19778 | Orc:1    | Entered Level 1 of the Orcish Mines
 19806 | Orc:1    | Found a transporter.
 19816 | Orc:1    | Noticed jujuben's ghost (journeyman HOGl)
 19857 | Orc:1    | Gained Gorm as an ally
 19958 | Orc:1    | Found a transporter.
 20178 | Orc:1    | Found a roughly hewn altar of Beogh.
 20355 | Orc:2    | Entered Level 2 of the Orcish Mines
 20355 | Orc:2    | Found a staircase to the Elven Halls.
 20356 | Orc:2    | Found Voatuvid's Antique Armour Shop.
 20358 | Orc:2    | Noticed Erolcha
 20365 | Orc:2    | Gained Borgk as an ally
 20368 | Orc:2    | Your ally Gorm died
 20370 | Orc:2    | Gained Bogbarth as an ally
 20373 | Orc:2    | Found Defen's Magic Scroll Emporium.
 20375 | Orc:2    | Gained Wargath as an ally
 20377 | Orc:2    | Killed Erolcha
 20380 | Orc:2    | Your ally Borgk died
 20388 | Orc:2    | Your ally Gorm died
 20716 | Orc:2    | Found Turam's Magic Scroll Boutique.
 20734 | Orc:2    | Found Mukophusou's General Store.
 21022 | Orc:2    | Noticed Nessos
 21036 | Orc:2    | Killed Nessos
 21188 | Orc:2    | Bought a scorched chain mail for 323 gold pieces
 21188 | Orc:2    | Bought a pair of glowing gloves for 255 gold pieces
 21208 | Orc:2    | Identified the cursed +0 chain mail of Cutuxt {rN+} (You
                  | bought it in a shop on level 2 of the Orcish Mines)
 21290 | D:11     | Bought the ring of Ru's Favour {rCorr Str+5} for 562 gold
                  | pieces
 21290 | D:11     | Bought an uncursed ring of see invisible for 225 gold
                  | pieces
 21290 | D:11     | Bought an uncursed amulet of reflection for 450 gold pieces
 21441 | Spider:1 | Entered Level 1 of the Spider Nest
 21973 | Spider:2 | Noticed Asterion
 21978 | Spider:2 | Gained Warrok as an ally
 21982 | Spider:2 | Noticed an Executioner
 21982 | Spider:2 | Killed Asterion
 22004 | Spider:2 | Your ally Warrok died
 22017 | Spider:2 | Your ally Bogbarth died
 22334 | Spider:2 | Found a transporter.
 22351 | Spider:2 | Found a transporter.
 22366 | Spider:2 | Noticed Agnes
 22372 | Spider:2 | Noticed Arachne
 22373 | Spider:2 | Noticed Azrael
 22374 | Spider:2 | Killed Agnes
 22376 | Spider:2 | Reached XP level 15. HP: 107/137 MP: 15/15
 22383 | Spider:2 | Gained Rocco as an ally
 22386 | Spider:2 | Killed Azrael
 22393 | Spider:2 | Killed Arachne
 22897 | Spider:2 | Noticed Louise
 22908 | Spider:2 | Killed Louise
 22909 | Spider:2 | Gained Borgun as an ally
 23243 | Spider:3 | Noticed an emperor scorpion
 23255 | Spider:3 | Killed an emperor scorpion
 23386 | Spider:3 | Gained Nordag as an ally
 24341 | Shoals:1 | Entered Level 1 of the Shoals
 24922 | Shoals:1 | Noticed a kraken
 24933 | Shoals:1 | Killed a kraken
 25841 | Shoals:2 | Reached XP level 16. HP: 147/147 MP: 16/16
 25842 | Shoals:2 | Reached skill level 15 in Armour
 25871 | Shoals:2 | Got a transparent hand axe
 25871 | Shoals:2 | Identified the +4 hand axe of the Eternal Warrior {vorpal,
                  | rN+ Int+6} (You found it on level 2 of the Shoals)
 25886 | Shoals:2 | Reached skill level 1 in Evocations
 26175 | Shoals:2 | Noticed a kraken
 26190 | Shoals:2 | Killed a kraken
 26194 | Shoals:2 | Reached skill level 15 in Fighting
 26554 | Shoals:2 | Found a hide-covered altar of Uskayaw.
 26832 | Shoals:2 | Reached skill level 15 in Shields
 27345 | Shoals:3 | Noticed a kraken
 27368 | Shoals:3 | Killed a kraken
 27828 | Shoals:3 | Found Heipneig's Humungous Hoard.
 27990 | Shoals:3 | Bought a potion of haste for 170 gold pieces
 27990 | Shoals:3 | Bought a potion of heal wounds for 85 gold pieces
 28550 | Shoals:4 | Entered Level 4 of the Shoals
 28555 | Shoals:4 | Noticed Ilsuiw
 28568 | Shoals:4 | Killed Ilsuiw
 28570 | Shoals:4 | Your ally Nordag died
 29051 | Shoals:4 | Noticed Kirke
 29062 | Shoals:4 | Killed Kirke
 29098 | Shoals:4 | Got a barnacled rune of Zot
 29261 | Shoals:4 | Identified the ring "Eduluw" {rPois MP+9}
 29282 | Shoals:4 | Reached XP level 17. HP: 156/158 MP: 17/17
 29832 | Shoals:4 | Identified the Grimoire of Supportive Curses
 29846 | Shoals:4 | Found a gateway to a bazaar.
 29862 | Bazaar   | Entered a bazaar
 29862 | Bazaar   | Found Qiriask's Armour Boutique.
 29862 | Bazaar   | Found Wunuha's Weapon Shop.
 29862 | Bazaar   | Found Nesekiss's Armour Shop.
 29867 | Bazaar   | Bought the +3 pair of gauntlets of War {Slay+5} for 855
                  | gold pieces
 29867 | Bazaar   | Found the +3 pair of gauntlets of War {Slay+5}
 31144 | Spider:4 | Entered Level 4 of the Spider Nest
 31484 | Spider:4 | Noticed Donald
 31495 | Spider:4 | Killed Donald
 32176 | Spider:4 | Your ally Rocco died
 32189 | Spider:4 | Your ally Arkwar died
 32489 | Spider:4 | Got a gossamer rune of Zot
 34248 | D:13     | Found a gate leading to a gauntlet.
 34254 | Gauntlet | Entered a Gauntlet
 34254 | Gauntlet | Found a transporter.
 34254 | Gauntlet | Found a transporter.
 34254 | Gauntlet | Found a transporter.
 34254 | Gauntlet | Found a transporter.
 34258 | Gauntlet | Found a transporter.
 34260 | Gauntlet | Found a large runed translucent door.
 34261 | Gauntlet | Found a large runed translucent door.
 34262 | Gauntlet | Found a large runed translucent door.
 34262 | Gauntlet | Found a large runed translucent door.
 34262 | Gauntlet | Found a runed translucent door.
 34262 | Gauntlet | Found a runed translucent door.
 34263 | Gauntlet | Found a large runed translucent door.
 34263 | Gauntlet | Found a large runed translucent door.
 34263 | Gauntlet | Found a large runed translucent door.
 34263 | Gauntlet | Found a large runed translucent door.
 34264 | Gauntlet | Found a large runed translucent door.
 34264 | Gauntlet | Found a large runed translucent door.
 34265 | Gauntlet | Found a large runed translucent door.
 34265 | Gauntlet | Found a large runed translucent door.
 34266 | Gauntlet | Found a runed translucent gate.
 34266 | Gauntlet | Found a runed translucent gate.
 34266 | Gauntlet | Found a runed translucent gate.
 34268 | Gauntlet | Found a transporter.
 34272 | Gauntlet | Found a transporter.
 34273 | Gauntlet | Found a transporter.
 34273 | Gauntlet | Found a transporter.
 34284 | Gauntlet | Found a transporter.
 34314 | Gauntlet | Found a large runed translucent door.
 34314 | Gauntlet | Found a large runed translucent door.
 34317 | Gauntlet | Found a large runed translucent door.
 34317 | Gauntlet | Found a large runed translucent door.
 34375 | Gauntlet | Found a transporter.
 34399 | Gauntlet | Found a transporter.
 34650 | Gauntlet | Got a warped granite ring
 34651 | Gauntlet | Got a twisted leather armour
 34654 | D:13     | Identified the +1 leather armour "Joimesoutt" {Harm rPois
                  | rF+ Str+3} (You found it in a Gauntlet)
 34655 | D:13     | Identified the ring of Awkoruoc {rF+ rC- Dex+2 Slay+6 SInv}
                  | (You found it in a Gauntlet)
 34751 | D:13     | Gained Orkwin as an ally
 34950 | D:13     | Reached XP level 18. HP: 163/169 MP: 18/18
 35047 | D:13     | Found a gate to the Vaults.
 35518 | D:13     | Your ally Orkwin died
 35903 | D:14     | Got an iridescent mace
 36559 | D:14     | Identified the +12 mace "Hoen" {freeze, rElec} (You found
                  | it on level 14 of the Dungeon)
 36680 | D:15     | Entered Level 15 of the Dungeon
 36917 | D:15     | Found a staircase to the Depths.
 37489 | Depths:1 | Entered Level 1 of the Depths
 37489 | Depths:1 | Found Ecluaprost's One-of-a-Kind Books.
 37589 | Vaults:1 | Entered Level 1 of the Vaults
 38338 | Vaults:1 | Gained Bladwarg as an ally
 38340 | Vaults:1 | Reached XP level 19. HP: 179/179 MP: 19/19
 38817 | Vaults:1 | Found Vodwag's Weapon Shoppe.
 38932 | Vaults:1 | Identified a scroll of acquirement
 38933 | Vaults:1 | Acquired 830 gold pieces
 39168 | Vaults:2 | You fall into a shaft and drop 1 floor!
 39298 | Vaults:3 | Found a ruined gateway.
 39815 | Vaults:3 | Found a staircase to the Crypt.
 39875 | Vaults:3 | Noticed a lich
 40935 | Vaults:3 | HP: 5/183 [cyan very ugly thing (24)]
 41983 | Vaults:3 | HP: 3/184 [storm dragon/bolt of lightning (41)]
 41986 | Vaults:3 | Killed from afar by a storm dragon

Illustrated notes

Levels and vault maps discovered:
D:1:      scummos_arrival_hexagon, layout_basic
D:2:      layout_basic, uniq_crazy_yiuf_cottage
D:3:      minmay_diamond_boxcup, layout_loops_ring
D:4:      layout_cave_pods, serial_shops, nicolae_shop_stone
D:5:      layout_rooms, uniq_grinder
D:6:      layout_basic, minmay_temple_entry_slanted,
          nicolae_ossuary_entry_monument, palyth_stone_intersect, uniq_pikel,
          uniq_duvessa, uniq_blork_the_orc, uniq_menkaure
D:7:      hangedman_cross_stitches, layout_loops_ring, minitemple,
          grunt_gozag_statues, dk_noncrumbling_4
D:8:      layout_loops_cross, evilmike_ruin_ashenzari, uniq_maggie, uniq_joseph
D:9:      layout_roguey, fedhas_altar_2, gammafunk_ghost_smash
D:10:     layout_basic, lair_entry_dummy, minmay_orc_entry_temple_small,
          gammafunk_ghost_cemetery, grunt_dithmenos_smoke, uniq_josephine
D:11:     layout_cave_pods, serial_shops, shop, shop, shop, shop, uniq_nergalle,
          uniq_gastronok
D:12:     layout_stronghold, serial_co_window_serial, co_window_paths_a,
          co_window_paths_b, co_window_corner_a, co_window_corner_a,
          co_window_corner_a, co_window_of_opportunity_a, co_window_corner_b,
          co_window_corner_ca, co_window_2corner, co_window_4corner_a,
          co_window_paths_d, glass_columns_a, glass_columns_a, glass_columns_a,
          glass_columns_a, glass_columns_a, grunt_ministairs_5, st_stairs_14,
          small_chamber_with_monster
D:13:     layout_roguey, grunt_vaults_entry_fortified, gauntlet_entry_generic,
          minivault_5
D:14:     minmay_the_grid_triangle_9x9_recursive_2_mashed
          [minmay_the_grid_triangle_9x9_prize_insulated,
          minmay_the_grid_triangle_9x9_checkered,
          minmay_the_grid_triangle_9x9_pentomino_pain,
          minmay_the_grid_triangle_9x9_windchime], layout_gridville,
          hangedman_decor_push
D:15:     hangedman_depths_entry_civil_slaughter, layout_long_grid,
          ebering_dispersal_statue_hall, minmay_misc_feat_cross
Lair:1:   beast_lair_carwin_large_1, layout_regular_city, columned_hall_lemuel,
          grunt_megastairs_5, uniq_sonja
Lair:2:   layout_hall_layers, gammafunk_ghost_cemetery, serial_bayou_shore_b,
          infiniplex_staircase_pool
Lair:3:   layout_long_grid, elwin_shoals_entry_rocks, lemuel_fruit_fields,
          uniq_urug
Lair:4:   layout_cave_shapes, nicolae_spider_entry_orb_guardian, serial_forest,
          infiniplex_forest_clump_double, infiniplex_forest_clump_diagonal,
          infiniplex_forest_join, infiniplex_forest_end_2,
          infiniplex_forest_lined_room_, infiniplex_forest_lined_2,
          infiniplex_forest_join, infiniplex_forest_join,
          infiniplex_forest_end_2, serial_bayou_shore_b,
          minmay_lair_oklob_chamber
Lair:5:   layout_regular_city, slime_altar_1
Lair:6:   cheibrodos_lair_end_hotspot, layout_regular_city,
          chequers_serial_rivers_small_3, minivault_23,
          grunt_forest_large_clearings
Shoals:1: layout_shoals
Shoals:2: layout_shoals, regret_index_shoals_crete
Shoals:3: layout_shoals, nicolae_alphabet_shops, nicolae_shoals_aquamancer_cove
Shoals:4: shoals_end_grunt_ice, layout_shoals, shoals_ilsuiw_ice, serial_shops,
          statue_bzr, nicolae_shoals_this_corrosion, uniq_polyphemus, uniq_kirke
Spider:1: layout_spider_delve
Spider:2: gammafunk_boulding_lane, uniq_louise, uniq_azrael, uniq_asterion,
          uniq_agnes, uniq_arachne
Spider:3: layout_spider_delve, drop_trap
Spider:4: grunt_spider_rune_parallel, uniq_donald
Orc:1:    layout_caves, gammafunk_ghost_berserking_beasts, basic_altar
Orc:2:    st_orc_open, layout_caves, uniq_erolcha, uniq_nessos
Vaults:1: hangedman_vaults_maws, v_misc_8, v_rooms_5, vaults_room_pools,
          nicolae_vaults_quadrants, vaults_room_pool, hangedman_vaults_locks,
          v_alt_pattern_2, v_misc_10, nicolae_vaults_what_the_h,
          nicolae_vaults_little_squares_3, layout_vaults_omnibox, serial_shops,
          shop_fountains
Vaults:2: vaults_room_corners, v_misc_9, hangedman_vaults_restitches,
          st_diamondy, vaults_room_stairs_pillars, v_rooms_5,
          ontoclasm_vaults_claustrophobia, v_alt_pattern_4, v_misc_33,
          hangedman_vaults_capsules, layout_vaults_ring
Vaults:3: nicolae_vaults_network_quinsquares
          [nicolae_vaults_network_quincunx_subvault,
          nicolae_vaults_network_quincunx_subvault,
          nicolae_vaults_network_quincunx_subvault,
          nicolae_vaults_network_quincunx_subvault], ontoclasm_vaults_pinch,
          v_misc_12, blue_anna_dwarven_crypt, ontoclasm_vaults_chip,
          nicolae_vaults_little_squares_3, dpeg_vaults_waves, v_misc_18,
          vaults_mumra_minichess_inversion, nicolae_vaults_specimen_jars,
          vaults_room_pool, nicolae_vaults_network_periphery,
          ontoclasm_vaults_gateway, vaults_mumra_chevron,
          layout_vaults_maze_snakey, portal_desolation_entry_salt
Depths:1: layout_cave_pools, nicolae_lava_and_water, lightli_too_deep,
          abyss_entry, st_stairs_7, nicolae_rare_books, horrible_house_mu

Skill      XL: |  1  2  3  4  5  6  7  8  9 10 11 12 13 14 15 16 17 18 19 |
---------------+----------------------------------------------------------+-----
Axes           | 3 4 5 6 8 10 12 14 15 17 18 20 | 20.0
Fighting       | 4 5 6 7 8 10 11 12 13 14 15 17 18 19 | 19.7
Armour         | 4 5 7 8 9 11 12 13 14 16 17 18 | 18.6
Shields        | 4 5 7 8 9 10 11 12 14 15 17 18 20 | 20.1
Evocations     | 1 |  1.0

Action                   |  1- 3 |  4- 6 |  7- 9 | 10-12 | 13-15 | 16-18 | 19-21 || total
-------------------------+-------+-------+-------+-------+-------+-------+-------++-------
Melee: War axe           |   109 |   254 |   290 |   366 |       |       |       ||  1019
       Unarmed           |       |     1 |     5 |       |       |       |       ||     6
       Broad axe         |       |       |       |   158 |   630 |   943 |   325 ||  2056
Invok: Convert to Beogh  |       |     1 |       |       |       |       |       ||     1
       Recall Orcish Fol |       |       |       |     1 |     3 |     5 |       ||     9
       Smiting           |       |       |       |       |     4 |       |       ||     4
       Give Item to Name |       |       |       |       |     3 |     1 |       ||     4
Evoke: Wand              |       |       |       |     2 |     2 |     3 |       ||     7
  Use: Scroll            |       |    13 |     3 |    12 |    12 |    11 |     3 ||    54
       Potion            |       |       |     2 |     4 |     2 |     4 |     2 ||    14
 Stab: Distracted        |       |       |       |     5 |     8 |     7 |     5 ||    25
       Invisible         |       |       |       |     2 |       |     3 |       ||     5
       Petrified         |       |       |       |     4 |       |       |       ||     4
       Paralysed         |       |       |       |       |       |     1 |       ||     1
Armor: Scale mail        |    63 |   100 |       |       |       |       |       ||   163
       Ring mail         |       |       |   110 |   140 |   123 |       |       ||   373
       Plate armour      |       |       |       |       |   130 |   333 |    57 ||   520
       Skin              |       |       |       |       |       |     7 |       ||     7
Dodge: Dodged            |    53 |    95 |   101 |   133 |   172 |   169 |    35 ||   758
Block: Kite shield       |    63 |   142 |   171 |   250 |   457 |   855 |   229 ||  2167
       Reflection        |       |       |       |       |    16 |    85 |    28 ||   129
